 Dungeon Crawl Stone Soup version 0.29.0-15-g675c0067aa (webtiles) character file.

Game seed: 7128812724130687350

17 qw the Sneak (level 2, -1/19 HPs)
             Began as a Gargoyle Delver on Sept 11, 2022.
             Slain by Natasha (4 damage)
             ... on level 2 of the Dungeon.
             The game lasted 00:00:16 (678 turns).

qw the Sneak (Gargoyle Delver)                       Turns: 678, Time: 00:00:17

Health: -1/19      AC:  5    Str: 15    XL:     2   Next: 62%
Magic:  2/2        EV: 15    Int: 10    God:
Gold:   33         SH:  0    Dex: 11    Spells: 1/1 levels left

rFire   . . .      SeeInvis .   a - +0 hand axe
rCold   . . .      Faith    .   (no shield)
rNeg    + . .      Spirit   .   b - +0 leather armour
rPois   inf        Reflect  .   (no helmet)
rElec   +          Harm     .   (no cloak)
rCorr   .          Rampage  .   (no gloves)
Will    .....                   (no boots)
Stlth   +++.......              i - amulet of the acrobat
HPRegen 0.06/turn               k - +4 ring of evasion
MPRegen 0.08/turn               (no ring)

@: slowed, very slow
A: sickness immunity, AC +2, negative energy resistance 1, electricity
resistance, torment resistance 1, petrification resistance
a: no special abilities


You were on level 2 of the Dungeon.
You visited 1 branch of the dungeon, and saw 4 of its levels.

You collected 33 gold pieces.


Innate Abilities, Weirdness & Mutations

You are immune to sickness and miasma.
Your stone body is resilient. (AC +2)
You are immune to poison.
You resist negative energy. (rN+)
You are resistant to electric shocks. (rElec)
You are resistant to unholy torment.
You are immune to petrification.


   Skills:
 - Level 3.2 Fighting
 + Level 2.8 Axes
 - Level 1.5 Dodging
 - Level 5.4 Stealth


You had one spell level left.
You didn't know any spells.
Your spell library was empty.

Inventory:

Hand Weapons
 a - a +0 hand axe (weapon)
 j - a +0 flail
Armour
 b - a +0 leather armour (worn)
Jewellery
 i - an amulet of the acrobat (around neck)
 k - a +4 ring of evasion (left hand)
Wands
 g - a wand of digging (3)
Potions
 c - a potion of attraction {unknown}
 d - a potion of curing {unknown}
 f - 2 potions of haste
 h - a potion of might {unknown}

Dungeon Overview and Level Annotations

Branches:
Dungeon (5/15)
 Temple: D:4-7

Altars:

Annotations:
D:2 Natasha


Message History

You closely miss Natasha. Natasha barely misses you.
You hit Natasha.
Natasha is moderately wounded.
Natasha mumbles some strange words.
You barely miss Natasha.
Natasha is moderately wounded.
Natasha casts a spell at you. The magic dart hits you.
You hit Natasha but do no damage.
Natasha is moderately wounded.
Natasha claws you.
You hit Natasha.
Natasha is moderately wounded.
Natasha howls an incantation.
Natasha glows brightly for a moment.
Natasha misses you. Natasha claws you!
You miss Natasha.
Natasha is moderately wounded.
Natasha stares at you and mumbles some strange words.
You feel yourself slow down.
You closely miss Natasha.
Natasha is moderately wounded.
Natasha completely misses you.
You hit Natasha but do no damage.
Natasha is moderately wounded.
Natasha barely misses you. x2
You hit Natasha but do no damage.
Natasha is moderately wounded.
Natasha completely misses you. Natasha barely misses you.
You barely miss Natasha.
Natasha is moderately wounded.
Natasha closely misses you. The white imp puffs mist at you.
Natasha claws you but does no damage.
You hit Natasha.
Natasha is severely wounded.
Natasha hisses.
Natasha claws you.
You die...

#.#####
#.5h@.#
#####.#
#.# #.#
#(#
########.#
.......>.#
##########


You could see Natasha and a white imp (summoned).

Vanquished Creatures
  An adder (D:3)
  An orc (D:3)
  A ball python (D:3)
  2 endoplasms (D:4)
  A kobold (D:4)
  A frilled lizard (D:3)
7 creatures vanquished.

Notes
Turn   | Place    | Note
-------+----------+-------------------------------------------
     0 | D:5      | qw the Gargoyle Delver began the quest for the Orb.
     0 | D:5      | Reached XP level 1. HP: 14/14 MP: 1/1
     0 | D:5      | 0 ||| qw: Version: 0.1-a-118-gb4e7ce6
     0 | D:5      | 0 ||| qw: Game counter: 10381
     0 | D:5      | 0 ||| qw: Always use a shield: true
     0 | D:5      | 0 ||| qw: God list: Okawaru
     0 | D:5      | 0 ||| qw: Allow faded altars: false
     0 | D:5      | 0 ||| qw: Do Orc after D:15 true
     0 | D:5      | 0 ||| qw: Do second Lair branch before Depths: true
     0 | D:5      | 0 ||| qw: Lair rune preference: random
     0 | D:5      | 0 ||| qw: Plans: Normal
     0 | D:5      | 0 ||| PLANNING D:1-11
    40 | D:5      | 40 ||| UPGRADING to amulet of the acrobat.
    45 | D:5      | 45 ||| UPGRADING to +4 ring of evasion.
    46 | D:5      | 46 ||| DROPPING scroll of fog.
    47 | D:5      | 47 ||| DROPPING scroll of magic mapping.
    48 | D:5      | 48 ||| DROPPING scroll of fear.
    55 | D:5      | Noticed a howler monkey
    56 | D:5      | 56 ||| FLEEEEING.
    57 | D:5      | 57 ||| STAIRDANCE
   361 | D:3      | Reached XP level 2. HP: 8/19 MP: 2/2
   661 | D:2      | Noticed Natasha
   672 | D:2      | HP: 2/19 [Natasha (7)]
   678 | D:2      | Slain by Natasha

Levels and vault maps discovered:
D:2:      minmay_evil_eye, layout_loops_ring, minmay_rat_hole, uniq_natasha,
          uniq_terence, uniq_jessica
D:3:      layout_loops_corners, shapermc_ecumenical_altar_pompeii,
          serial_undead, serial_undead_c, serial_undead_e, serial_undead_c,
          serial_undead_f, serial_undead_e, kennysheep_generic_room_7
D:4:      layout_loops_corners, minitemple, amcnicky_altar_gilded,
          lemuel_old_faithful
D:5:      layout_rooms, gammafunk_ghost_grave, serial_shops, nicolae_shop_stone,
          minmay_strange_pillars, uniq_ijyb

Skill      XL: |  1 |
---------------+----+-----
Axes           | 2 |  2.8
Fighting       | |  3.2
Dodging        | |  1.5
Stealth        | |  5.4

Action                   || total
-------------------------++-------
Melee: Hand axe          ||    44
 Stab: Sleeping          ||     3
Armor: Leather armour    ||    10
Dodge: Dodged            ||    28

Table legend:
 A = Non-vault XP
 B = Vault XP
 C = Vault XP percentage of total XP
 D = Non-vault monster count
 E = Vault monster count
 F = Vault count percentage of total count
                 A         B        C        D         E       F
            +---------+---------+-------+---------+---------+-------
      Total |      25 |       0 |   0.0 |       7 |       0 |   0.0
            +---------+---------+-------+---------+---------+-------
        D:3 |      19 |       0 |   0.0 |       4 |       0 |   0.0
        D:4 |       6 |       0 |   0.0 |       3 |       0 |   0.0
            +---------+---------+-------+---------+---------+-------
